 Dungeon Crawl Stone Soup version 0.30-a0-1008-g30c9307041 (webtiles) character file.

Game seed: 13526504403703290664

67 Demosthentine the Poker (level 4, -6/34 HPs)
             Began as a Demonspawn Gladiator on Apr 5, 2023.
             Blown up by Ijyb (13 damage)
             ... with a mindburst bolt
             ... on level 3 of the Dungeon on Apr 6, 2023.
             The game lasted 00:01:27 (1716 turns).

Demosthentine the Poker (Demonspawn Gladiator)      Turns: 1716, Time: 00:01:28

Health: -6/34      AC:  5    Str: 22    XL:     4   Next: 0%
Magic:  4/4        EV: 13    Int:  9    God:
Gold:   162        SH:  0    Dex: 15    Spells: 3/3 levels left

rFire   . . .      SeeInvis .    a - +1 trident
rCold   . . .      Faith    .    (no shield)
rNeg    . . .      Spirit   .    b - +0 leather armour
rPois   .          Reflect  .    c - +1 helmet
rElec   .          Rampage  .    (no cloak)
rCorr   .                        (no gloves)
Will    .....                    (no boots)
Stlth   +                        (no amulet)
HPRegen 0.25/turn                k - +6 ring of strength
MPRegen 0.09/turn                (no ring)

@: no status effects
A: weakness stinger 1
a: no special abilities


You were on level 3 of the Dungeon.
You visited 1 branch of the dungeon, and saw 3 of its levels.

You collected 162 gold pieces.

Inventory:

Hand Weapons
 a - a +1 trident (weapon)
Missiles
 d - 3 throwing nets (quivered)
 e - 4 javelins
Armour
 b - a +0 leather armour (worn)
 c - a +1 helmet (worn)
Jewellery
 f - a ring of see invisible
 k - a +6 ring of strength (left hand)
Wands
 l - a wand of polymorph (7)
Scrolls
 i - a scroll of teleportation
 p - a scroll of amnesia
Potions
 h - 4 potions of curing {unknown}
 j - a potion of berserk rage
 m - a potion of mutation {unknown}
 n - a potion of lignification


   Skills:
 + Level 2.7 Fighting
 + Level 3.2 Polearms
 - Level 1.7 Throwing
 + Level 1.4 Armour
 + Level 3.2 Dodging


You had 3 spell levels left.
You didn't know any spells.
Your spell library contained the following spells:

 Spells                   Type           Power      Damage    Failure   Level
 Sandblast                Erth           0%         2d4       43%         1
 Hailstorm                Conj/Ice       0%         3d3       80%         3
 Ice Form                 Ice/Tmut       0%         N/A       99%         4
 Borgnjor's Vile Clutch   Necr/Erth      0%         N/A       100%        5
 Yara's Violent Unravell  Hex/Tmut       0%         3d3       100%        5
 Simulacrum               Ice/Necr       0%         N/A       100%        6
 Discord                  Hex            0%         N/A       100%        8


Dungeon Overview and Level Annotations

Branches:
Dungeon (3/15)

Altars:

Annotations:
D:3 Ijyb


Innate Abilities, Weirdness & Mutations

You have a small tail.


Message History

Ijyb is severely wounded.
Ijyb zaps a wand.
Your mind is blasted!
Ouch! That really hurt!
You hit Ijyb but do no damage. You tail-slap Ijyb, but do no damage.
Ijyb is severely wounded.
Ijyb drinks a potion.
Ijyb is healed!
You barely miss Ijyb.
Ijyb zaps a wand.
Your mind is blasted!
You feel much better. Ijyb closely misses you.
Throw: 3 throwing nets
Press: ? - help, Q - select action, (/) - cycle Shift-Dir - straight line, f - Ijyb
Aim: Ijyb, wielding a +0 dagger, wearing a +0 ring mail and carrying a wand of mindburst (7) (55% to hit)
Okay, then.
You barely miss Ijyb. Ijyb misses you.
Ijyb zaps a wand.
You barely resist. You closely miss Ijyb. Ijyb hits you but does no damage.
You barely miss Ijyb. Ijyb hits you with a +0 dagger.
You barely miss Ijyb. You tail-slap Ijyb, but do no damage.
Ijyb hits you but does no damage.
You hit Ijyb.
Ijyb is moderately wounded.
Ijyb closely misses you.
You hit Ijyb but do no damage.
Ijyb is moderately wounded.
Ijyb zaps a wand.
Your mind is blasted!
Ouch! That really hurt!
You puncture Ijyb!
Ijyb is heavily wounded.
Ijyb zaps a wand.
Your mind is blasted!
* * * LOW HITPOINT WARNING * * *
You hit Ijyb but do no damage.
Ijyb is heavily wounded.
Ijyb barely misses you. x2
You barely miss Ijyb.
Ijyb is heavily wounded.
Ijyb screams, "I cut your head off!" Ijyb hits you with a +0 dagger.
* * * LOW HITPOINT WARNING * * *
You barely miss Ijyb.
Ijyb is heavily wounded.
Ijyb zaps a wand.
Your mind is blasted!
You die...

## # # ##############
#............. .##
#####'#####.......
.....##........##.......
......g@.......##.......
.###.##........##.......
###'###+####..####
..###...#.#....##
..........#.#.####
.##.........#.#
#.#....##.#.#
#....#....#.#
....##.#..#.#


You could see Ijyb.

Vanquished Creatures
  2 adders
  2 dart slugs
  8 bats
  3 endoplasms
  4 giant cockroaches (D:1)
  A goblin (D:1)
  3 hobgoblins (D:1)
  3 kobolds
  A quokka (D:1)
  8 ball pythons
  6 frilled lizards
  4 rats
45 creatures vanquished.

Notes
Turn   | Place    | Note
-------+----------+-------------------------------------------
     0 | D:1      | Demosthentine the Demonspawn Gladiator began the quest for
                  | the Orb.
     0 | D:1      | Reached XP level 1. HP: 16/16 MP: 1/1
   145 | D:1      | Gained mutation: You have a small tail. [demonic ancestry]
   145 | D:1      | Reached XP level 2. HP: 22/22 MP: 2/2
   379 | D:1      | Reached skill level 1 in Armour
   595 | D:1      | Reached XP level 3. HP: 26/28 MP: 3/3
  1180 | D:2      | Got the Guidebook on the Beguiling Xenolith
  1636 | D:3      | Reached XP level 4. HP: 33/34 MP: 4/4
  1695 | D:3      | Noticed Ijyb
  1716 | D:3      | Blown up by Ijyb

Illustrated notes

Levels and vault maps discovered:
D:1:      evilmike_arrival_plus, layout_loops_ring
D:2:      layout_basic, minmay_parallelograms, minmay_misc_feat_diagonals
D:3:      layout_basic, nicolae_overflow_squiral, kennysheep_cluttered_room,
          uniq_ijyb

Skill      XL: |  1  2 |
---------------+-------+-----
Dodging        | 3 |  3.2
Polearms       | 3 |  3.2
Armour         | 1 |  1.4
Fighting       | |  2.7
Throwing       | |  1.7

Action                     |  1- 3 |  4- 6 || total
---------------------------+-------+-------++-------
  Melee: Trident           |   108 |    19 ||   127
         Tailslap          |     6 |     3 ||     9
         Punch             |     1 |       ||     1
    Use: Scroll            |     9 |       ||     9
         Potion            |       |     2 ||     2
   Stab: Distracted        |     1 |       ||     1
         Sleeping          |     4 |       ||     4
 Armour: Leather armour    |    29 |     5 ||    34
  Dodge: Dodged            |    46 |     7 ||    53

Table legend: (Time is in decaauts)
 A = Elapsed time spent in this place.
 B = Non-inter-level travel time spent in this place.
 C = Inter-level travel time spent in this place.
 D = Time resting spent in this place.
 E = Time spent auto-exploring this place.
 F = Levels seen in this place.
 G = Mean time per level.
                   A        B        C        D        E       F      G
               +--------+--------+--------+--------+--------+-----+--------+
         Total |   1734 |   1710 |     24 |      0 |   1404 |   3 |  578.0 |
       Dungeon |   1734 |   1710 |     24 |      0 |   1404 |   3 |  578.0 |
               +--------+--------+--------+--------+--------+-----+--------+

Top non-repeatable levels by time:
     D:1: 763 daAuts
     D:2: 719 daAuts
     D:3: 251 daAuts
